AoeStats
← hvon2749

Black Forest

504641371Analyzed
3v3 RM · 27d ago on Sep 6, 2026· 64m 23s· 6 players
Game mode
Random Map
Map size
Normal (6 player)
Population
200
Speed
Normal
Resources
Standard
Victory
Conquest
Starting age
Dark Age
Ending age
Imperial Age
RankedLock teamsTeams togetherTeam positionsShared explorationLock speedFull tech treeHidden civsTurbo modeCheats
Victory
Defeat
🇺🇸 Bengalis · United States
683
+12
🇯🇵 Mongols · Japan
620
+14
🇺🇸 Persians · United States
535
+18
🇦🇷 Poles · Argentina
599
-15
🇦🇷 Bohemians · Argentina
592
-15
🇦🇷 Persians · Argentina
559
-14
147 podrido
4:35 Loom
13:54 Feudal Age
14:24 Horse Collar
14:34 Double-Bit Axe
16:31 Gold Mining
16:47 Stone Mining
17:33 Town Watch
19:34 Wheelbarrow
22:48 Forging
25:18 Castle Age
23:26 Fletching
25:47 Padded Archer Armor
25:55 Scale Barding Armor
27:24 Caravan
32:08 Imperial Age
30:00 Heavy Plow
30:42 Bow Saw
31:11 Husbandry
33:05 Squires
32:27 Man-at-Arms
32:29 Elite Skirmisher
34:21 Crop Rotation
34:09 Crossbowman
35:33 Hand Cart
36:35 Stone Shaft Mining
38:06 Iron Casting
38:07 Ballistics
37:30 Onager
38:38 Szlachta Privileges
38:57 Conscription
39:38 Cavalier
41:04 Bloodlines
40:17 Light Cavalry
41:00 Arbalester
42:12 Elite Obuch
43:18 Chain Barding Armor
44:00 Blast Furnace
43:03 Padded Archer Armor
43:04 Scale Mail Armor
43:46 Pikeman
46:05 Treadmill Crane
46:37 Masonry
46:45 Leather Archer Armor
47:08 Winged Hussar
52:26 Lechitic Legacy
55:24 Capped Ram
61:03 Chain Mail Armor
60:44 Bodkin Arrow
62:43 Bracer
63:15 Plate Mail Armor
lautarosmg
11:11 Feudal Age
12:02 Double-Bit Axe
12:02 Horse Collar
18:14 Wheelbarrow
20:52 Castle Age
20:53 Fletching
21:14 Forging
21:24 Crossbowman
22:48 Bow Saw
22:40 Heavy Plow
24:10 Bodkin Arrow
26:01 Iron Casting
28:50 Hand Cart
28:23 Town Watch
28:46 Padded Archer Armor
32:32 Imperial Age
32:25 Husbandry
32:53 Leather Archer Armor
32:44 Scale Barding Armor
34:29 Ballistics
35:41 Two-Man Saw
37:22 Chemistry
38:15 Town Patrol
37:59 Cavalier
40:28 Chain Barding Armor
42:17 Blast Furnace
41:21 Bracer
41:47 Houfnice
44:41 Scale Mail Armor
45:12 Ring Archer Armor
46:07 Pikeman
47:17 Halberdier
58:35 Light Cavalry
jjotafigueroa
11:12 Loom
15:33 Feudal Age
19:55 Wheelbarrow
19:35 Horse Collar
19:47 Double-Bit Axe
19:53 Arson
25:03 Town Watch
25:55 Wheelbarrow
25:49 Gold Mining
25:51 Stone Mining
31:10 Castle Age
30:13 Man-at-Arms
37:22 Stone Shaft Mining
37:23 Gold Shaft Mining
38:20 Heavy Plow
39:00 Bow Saw
39:01 Squires
38:48 Gambesons
38:24 Pikeman
38:25 Long Swordsman
39:10 Town Patrol
40:27 Husbandry
40:38 Bloodlines
40:02 Crossbowman
40:03 Elite Skirmisher
40:54 Thumb Ring
hvon2749
14:03 Feudal Age
14:37 Horse Collar
18:07 Wheelbarrow
17:20 Double-Bit Axe
24:26 Castle Age
22:26 Stone Mining
22:27 Gold Mining
26:12 Bow Saw
26:50 Hand Cart
27:57 Heavy Plow
33:51 Imperial Age
34:53 Elite War Elephant
36:54 Gold Shaft Mining
37:07 Kamandaran
39:31 Crop Rotation
38:33 Crossbowman
39:41 Thumb Ring
39:52 Scale Mail Armor
41:11 Heavy Scorpion
44:59 Chemistry
43:51 Guard Tower
44:22 Ballistics
43:54 Heated Shot
44:00 Murder Holes
44:17 Masonry
45:45 Forging
45:51 Chain Mail Armor
50:11 Iron Casting
50:07 Plate Mail Armor
Dr. Slippery Fist M.D.
0:30 Loom
12:36 Feudal Age
13:53 Wheelbarrow
13:08 Double-Bit Axe
13:06 Horse Collar
19:23 Fletching
22:38 Castle Age
21:03 Gold Mining
21:31 Stone Mining
22:17 Forging
22:14 Scale Barding Armor
23:44 Hand Cart
23:44 Bow Saw
23:55 Heavy Plow
25:48 Bodkin Arrow
26:46 Caravan
29:19 Iron Casting
30:20 Paiks
34:25 Gold Shaft Mining
34:50 Husbandry
35:01 Bloodlines
35:15 Chain Barding Armor
34:56 Padded Archer Armor
35:21 Town Watch
36:04 Ballistics
35:42 Murder Holes
36:27 Fortified Wall
36:28 Masonry
36:47 Elite Skirmisher
36:48 Crossbowman
40:18 Imperial Age
38:22 Treadmill Crane
38:37 Guard Tower
41:39 Leather Archer Armor
42:03 Town Patrol
41:51 Elite Elephant Archer
43:09 Bracer
44:10 Blast Furnace
43:46 Plate Barding Armor
43:42 Ring Archer Armor
44:20 Chemistry
45:10 Architecture
44:32 Elite Battle Elephant
46:37 Mahayana
46:38 Conscription
56:56 Elite Ratha (Ranged)
61:55 Arbalester
satoshi.urushiyama
1:07 Loom
12:50 Feudal Age
21:33 Castle Age
20:28 Wheelbarrow
19:45 Town Watch
22:53 Castle Age
21:18 Double-Bit Axe
23:31 Wheelbarrow
22:42 Town Watch
23:15 Town Watch
25:05 Caravan
32:43 Imperial Age
33:20 Bow Saw
38:05 Onager
40:01 Gold Mining
40:02 Stone Mining
40:32 Hand Cart
40:03 Town Watch
43:13 Siege Onager
44:25 Masonry
44:42 Ballistics
45:28 Chemistry
46:22 Heavy Scorpion
47:37 Fletching
47:47 Padded Archer Armor
50:50 Capped Ram
52:28 Drill
51:29 Elite Mangudai
52:11 Nomads
52:48 Hoardings
51:47 Sappers
52:39 Conscription
53:56 Siege Ram
56:06 Gold Shaft Mining
56:06 Stone Shaft Mining
57:37 Heavy Cavalry Archer
58:43 Parthian Tactics
58:05 Heavy Cavalry Archer
59:10 Parthian Tactics
60:31 Heavy Camel Rider
Connection lost

Rejoining the realm…

Still unreachable

The connection could not be restored.

Session expired

The server has moved on; the page needs a fresh start.